 Dungeon Crawl Stone Soup version 0.30-a0-377-g5cb311bc9f (webtiles) character file.

Game seed: 3826264531870644402

317 whiskeysaurus the Conjurer (level 6, -5/41 HPs)
             Began as a Human Conjurer on Nov 27, 2022.
             Slain by a hornet (9 damage)
             ... on level 4 of the Dungeon.
             The game lasted 00:07:24 (5053 turns).

whiskeysaurus the Conjurer (Human Conjurer)         Turns: 5053, Time: 00:07:25

Health: -5/41      AC:  7    Str:  7    XL:     6   Next: 73%
Magic:  5/10       EV: 12    Int: 20    God:
Gold:   84         SH:  0    Dex: 12    Spells: 8/11 levels left

rFire   . . .      SeeInvis .    p - +6 halberd "Nataimee" {vorpal, Stlth+}
rCold   . . .      Faith    .    (shield currently unavailable)
rNeg    . . .      Spirit   .    a - +0 robe
rPois   .          Reflect  .    (no helmet)
rElec   .          Harm     .    (no cloak)
rCorr   .          Rampage  .    t - +0 pair of gloves
Will    .....                    (no boots)
Stlth   +++.......               (no amulet)
HPRegen 0.26/turn                j - +4 ring of protection
MPRegen 0.12/turn                (no ring)

@: mighty, lethally poisoned (-5 -> -12), slowed, very slow
A: no striking features
a: no special abilities


You were on level 4 of the Dungeon.
You visited 2 branches of the dungeon, and saw 5 of its levels.

You collected 84 gold pieces.

Inventory:

Hand Weapons
 m - a +4 dagger
 p - the +6 halberd "Nataimee" (weapon) {vorpal, Stlth+}
   (You found it on level 3 of the Dungeon)

   It inflicts extra damage upon your enemies.
   Stlth:     It makes you more stealthy.
Armour
 a - a +0 robe (worn)
 t - a +0 pair of gloves (worn)
Magical Staves
 q - a staff of cold
Jewellery
 j - a +4 ring of protection (left hand)
 x - a ring of magical power
Wands
 y - a wand of iceblast (8)
Scrolls
 c - a scroll of enchant armour {unknown}
 e - 2 scrolls of identify
 g - a scroll of fear {unknown}
 i - a scroll of blinking {unknown}
 l - a scroll of amnesia {unknown}
 n - a scroll of enchant weapon {unknown}
 r - 2 scrolls of magic mapping {unknown}
 s - a scroll of butterflies {unknown}
 w - a scroll of teleportation {unknown}
Potions
 b - a potion of magic
 d - 2 potions of flight
 f - a potion of curing
 h - a potion of attraction {unknown}
 k - a potion of might
 o - a potion of ambrosia {unknown}
 u - a potion of degeneration {unknown}
 v - a potion of heal wounds {unknown}


   Skills:
 + Level 3.1 Dodging
 + Level 3.5 Stealth
 + Level 3.0 Spellcasting
 * Level 5.4 Conjurations
 + Level 2.1 Hexes


You had 8 spell levels left.
You knew the following spells:

 Your Spells              Type           Power      Damage    Failure   Level
a - Magic Dart            Conj           96%        1d7       1%          1
b - Searing Ray           Conj           48%        2d6       2%          2

Your spell library contained the following spells:

 Spells                   Type           Power      Damage    Failure   Level
 Kiss of Death            Conj/Necr      52%        2d9       4%          1
 Dazzling Flash           Conj/Hex       36%        N/A       9%          3
 Freeze                   Ice            12%        1d3       14%         1
 Hailstorm                Conj/Ice       13%        3d5       14%         3
 Confusing Touch          Hex            11%        N/A       17%         3
 Fulminant Prism          Conj/Hex       9%         3d7       30%         4
 Frozen Ramparts          Ice            6%         1d1       38%         3
 Iskenderun's Mystic Bla  Conj/Tloc      13%        2d5       43%         4
 Dispel Undead            Necr           3%         3d7       80%         4


Dungeon Overview and Level Annotations

Branches:
Dungeon (4/15)             Temple (1/1) D:4

Altars:
Elyvilon
Fedhas
Kikubaaqudgha
Makhleb
Okawaru
Qazlal
Uskayaw
Vehumet
Wu Jian
The Shining One


Message History

The hornet stings you.
You feel yourself slow down. The hornet stings you.
You are poisoned.
You feel as though you will be slow longer.
Casting: Searing Ray (safe; 2% risk of failure)
Confirm with . or Enter, or press ? or * to list all spells.
Aiming: Searing Ray (safe; 2% risk of failure)
Press: ? - help, Shift-Dir - straight line, f/p - hornet
Aim: a hornet (69% to hit)
The searing ray hits the hornet but does no damage. (Press . to maintain the ray.)
You feel yourself speed up.
You feel very sick. The hornet closely misses you. The hornet stings you!
You are lethally poisoned!
You feel yourself slow down.
The searing ray hits the hornet.
The hornet is lightly wounded.
* * * LOW HITPOINT WARNING * * *
You feel very sick. The hornet stings you.
* * * LOW HITPOINT WARNING * * *
You feel as though you will be slow longer.
The hornet stings you!
* * * LOW HITPOINT WARNING * * *
You feel as though you will be slow longer.
Okay, then.
It was a potion of curing.
You feel better.
The hornet stings you but does no damage.
The hornet stings you.
* * * LOW HITPOINT WARNING * * *
You are lethally poisoned!
You feel as though you will be slow longer.
The hornet closely misses you.
Your magical contamination has completely faded away.
It was a potion of might.
You feel very mighty all of a sudden.
* * * LOW HITPOINT WARNING * * *
You feel very sick. The hornet stings you!
You die...

#......#.##.#.......)..
#......#.##......†#####
#......#....#.##...####
#......####...#........
.#......##........#..##.
...........####.........
##........## ###.......
#.......## #.......
...##y@.# #.......
.......### #.......
....### #....... ...
####.#.. ## ###..#.#
#......# ####.#.####
#####.<....# #.
#.......[### #.


You could see a hornet.

Vanquished Creatures
  A jelly (D:4)
  2 hounds (D:4)
  2 orc wizards (D:4)
  6 adders
  4 gnolls (D:2)
  2 worms
  6 dart slugs
  3 orcs (D:4)
  5 endoplasms
  5 giant cockroaches
  5 hobgoblins
  2 jackals (D:3)
  A quokka (D:3)
  11 ball pythons
  4 bats
  4 frilled lizards
  5 goblins
  3 kobolds
  A rat (D:2)
72 creatures vanquished.

Vanquished Creatures (others)
  8 demonic plants (D:2)
  6 fungi (D:2)
  5 plants (D:2)
  A withered plant (D:2)
20 creatures vanquished.

Grand Total: 92 creatures vanquished

Notes
Turn   | Place    | Note
-------+----------+-------------------------------------------
     0 | D:1      | whiskeysaurus the Human Conjurer began the quest for the
                  | Orb.
     0 | D:1      | Reached XP level 1. HP: 13/13 MP: 3/3
   152 | D:1      | Reached XP level 2. HP: 19/19 MP: 3/5
   641 | D:2      | Learned a level 2 spell: Searing Ray
   783 | D:2      | Found a faded altar of an unknown god.
   788 | D:2      | Reached XP level 3. HP: 24/24 MP: 2/6
  1034 | D:2      | Reached XP level 4. HP: 30/30 MP: 3/7
  1242 | D:2      | Reached skill level 1 in Hexes
  2030 | D:2      | Reached XP level 5. HP: 31/35 MP: 3/8
  2879 | D:3      | Found a white marble altar of Elyvilon.
  2942 | D:3      | Identified the +6 halberd "Nataimee" {vorpal, Stlth+}
  3252 | D:3      | Found an iron altar of Okawaru.
  3990 | D:4      | Reached skill level 5 in Conjurations
  4107 | D:4      | Found a staircase to the Ecumenical Temple.
  4115 | Temple   | Entered the Ecumenical Temple
  4175 | D:4      | Reached XP level 6. HP: 41/41 MP: 1/10
  4405 | D:4      | Noticed a hornet
  4585 | D:4      | Noticed an ogre
  4824 | D:4      | Found an ornate altar of the Wu Jian Council.
  5053 | D:4      | Slain by a hornet

Illustrated notes

Levels and vault maps discovered:
D:1:      lightli_arrival_statue_moat, layout_rooms
D:2:      minmay_inner_zag, layout_basic, shapermc_ecumenical_altar_gd
D:3:      layout_loops_ring, elyvilon_altar_5, old_standard_altar
D:4:      layout_rooms, mainiacjoe_overflow_surrounded_room,
          minmay_temple_entry_butterflies, st_stairs_10
Temple:   nicolae_temple_ecumenical_triangle

Skill      XL: |  1  2  3  4  5  6 |
---------------+-------------------+-----
Hexes          | 1 2 |  2.1
Stealth        | 3 |  3.5
Conjurations   | 5 |  5.4
Dodging        | 3 |  3.1
Spellcasting   | 3 |  3.0

Action                   |  1- 3 |  4- 6 || total
-------------------------+-------+-------++-------
Melee: Unarmed           |       |    10 ||    10
       Halberd           |       |     3 ||     3
 Cast: Magic Dart        |    36 |   116 ||   152
       Searing Ray       |     2 |    13 ||    15
  Use: Potion            |       |     2 ||     2
       Scroll            |       |     1 ||     1
Armor: Robe              |       |    24 ||    24
Dodge: Dodged            |     1 |    43 ||    44

Table legend: (Time is in decaauts)
 A = Elapsed time spent in this place.
 B = Non-inter-level travel time spent in this place.
 C = Inter-level travel time spent in this place.
 D = Time resting spent in this place.
 E = Time spent auto-exploring this place.
 F = Levels seen in this place.
 G = Mean time per level.
                   A        B        C        D        E       F      G
               +--------+--------+--------+--------+--------+-----+--------+
         Total |   5060 |   4913 |    147 |   1175 |   3223 |   5 | 1012.0 |
       Dungeon |   5012 |   4878 |    134 |   1175 |   3193 |   4 | 1253.0 |
        Temple |     47 |     34 |     13 |      0 |     30 |   1 |   47.0 |
               +--------+--------+--------+--------+--------+-----+--------+

Top non-repeatable levels by time:
     D:2: 1624 daAuts
     D:1: 1239 daAuts
     D:3: 1168 daAuts
     D:4: 980 daAuts
  Temple: 47 daAuts
